 Dungeon Crawl Stone Soup version 0.28.0-49-g6dfe1f597d (webtiles) character file.

Game seed: 4670942068834505255

4750 Gabide the Spear-Bearer (level 10, -5/70 HPs)
             Began as a Human Monk on May 15, 2022.
             Was a Priest of Sif Muna.
             Slain by a killer bee (6 damage)
             ... on level 8 of the Dungeon.
             The game lasted 00:22:36 (12769 turns).

Gabide the Spear-Bearer (Human Monk)               Turns: 12769, Time: 00:22:37

Health: -5/70      AC:  7    Str: 15    XL:     10   Next: 74%
Magic:  10/10      EV: 13    Int: 10    God:    Sif Muna [***...]
Gold:   398        SH:  0    Dex: 21    Spells: 9/9 levels left

rFire   + . .      SeeInvis +   t - +2 halberd
rCold   . . .      Faith    .   (shield currently unavailable)
rNeg    . . .      Spirit   .   a - +0 acid dragon scales
rPois   .          Reflect  .   l - +0 helmet
rElec   .          Harm     .   (no cloak)
rCorr   +          Rampage  .   (no gloves)
Will    .....                   (no boots)
Stlth   ++........              (no amulet)
HPRegen 0.21/turn               c - +4 ring of slaying
MPRegen 0.12/turn               k - ring of Dogma {rF+ Dex+4 SInv}

@: lethally poisoned (-5 -> -10), about to teleport, attractive
A: no striking features
a: Renounce Religion, Channel Magic, Forget Spell


You were on level 8 of the Dungeon.
You worshipped Sif Muna.
Sif Muna was most pleased with you.
You visited 2 branches of the dungeon, and saw 10 of its levels.

You collected 443 gold pieces.
You spent 45 gold pieces at shops.

Inventory:

Hand Weapons
 p - a +1 trident
 t - a +2 halberd (weapon)
Armour
 a - +0 acid dragon scales (worn)
 b - +0 steam dragon scales
 d - a +0 ring mail
 l - a +0 helmet (worn)
Jewellery
 c - a +4 ring of slaying (left hand)
 j - a ring of poison resistance
 k - the ring of Dogma (right hand) {rF+ Dex+4 SInv}
   (You found it on level 7 of the Dungeon)

   [ring of see invisible]

   Dex:       It affects your dexterity (+4).
   rF:        It protects you from fire.
   SInv:      It lets you see invisible.
 s - a +4 ring of evasion
Wands
 f - a wand of flame (18)
Scrolls
 e - a scroll of vulnerability
 g - 2 scrolls of teleportation
 m - 3 scrolls of noise
 n - a scroll of amnesia {unknown}
Potions
 h - 4 potions of flight
 i - a potion of haste
 o - 2 potions of magic
Miscellaneous
 r - a phantom mirror


   Skills:
 - Level 3.0 Fighting
 + Level 14.8 Polearms
 - Level 3.0 Armour
 - Level 3.0 Dodging
 - Level 2.0 Stealth


You had 9 spell levels left.
You didn't know any spells.
Your spell library contained the following spells:

 Spells                   Type           Power      Damage    Failure   Level
 Magic Dart               Conj           0%         1d3       45%         1
 Call Imp                 Summ           0%         N/A       61%         2
 Corpse Rot               Necr/Air       0%         N/A       61%         2
 Poisonous Vapours        Pois/Air       0%         N/A       61%         2
 Gell's Gravitas          Tloc           0%         N/A       83%         3
 Mephitic Cloud           Conj/Pois/Air  0%         N/A       83%         3
 Teleport Other           Tloc           0%         N/A       83%         3
 Tukima's Dance           Hex            0%         N/A       83%         3
 Passage of Golubria      Tloc           0%         N/A       99%         4
 Summon Forest            Summ/Tloc      0%         N/A       100%        5
 Yara's Violent Unravell  Hex/Tmut       0%         3d3       100%        5
 Dispersal                Tloc           0%         N/A       100%        6
 Eringya's Noxious Bog    Tmut/Pois      0%         N/A       100%        6
 Summon Hydra             Summ           0%         N/A       100%        7


Dungeon Overview and Level Annotations

Branches:
Dungeon (9/15)             Temple (1/1) D:4
   Lair: D:8-11         Orc: D:9-12

Altars:
Ashenzari
Cheibriados
Dithmenos
Elyvilon
Fedhas
Gozag
Hepliaklqana
Kikubaaqudgha
Makhleb
Nemelex Xobeh
Okawaru
Qazlal
Ru
Sif Muna
Uskayaw
Vehumet
Wu Jian
Xom
Yredelemnul
The Shining One

Shops:
D:2 :=[   D:8 (:

Annotations:
D:4 1 runed translucent door
D:5 1 runed translucent door, Flure's ghost, novice KoBr


Message History

You destroy the centaur zombie!
Sif Muna accepts your kill. The killer bee closely misses you.
The killer bee closely misses you.
A killer bee comes into view.
The killer bee completely misses you.
The killer bee stings you but does no damage.
The killer bee buzzes angrily.
The killer bee barely misses you. The killer bee stings you.
You are poisoned.
The killer bee poisons you!
There is a stone staircase leading up here.
You feel sick. The killer bee closely misses you.
The killer bee completely misses you. The killer bee stings you.
The killer bee stings you!
* * * LOW HITPOINT WARNING * * *
The killer bee completely misses you.
The killer bee stings you but does no damage.
You climb upwards.
You feel sick.
There is a stone staircase leading down here.
Okay, then.
As you read the scroll of teleportation, it crumbles to dust.
You feel strangely unstable.
You feel sick. The killer bee misses you. x2
The killer bee barely misses you. The killer bee stings you.
* * * LOW HITPOINT WARNING * * *
You are more poisoned.
The killer bee poisons you!
It was a potion of attraction.
You feel attractive to monsters.
You feel sick. The killer bee stings you.
* * * LOW HITPOINT WARNING * * *
The killer bee barely misses you. The killer bee completely misses you.
The killer bee closely misses you.
You slash the killer bee!
The killer bee is heavily wounded.
* * * LOW HITPOINT WARNING * * *
You feel sick. The killer bee stings you.
* * * LOW HITPOINT WARNING * * *
The killer bee stings you.
You die...

.# #.# #..# ##.#.##(#
.# #.# #..# ##.###.#
.# #.# #..# ### #.#
## .# ##.#####..# #.#
#. .# #.#.......# #.#
#. .#####
##.######.#########.#
#. .....# ###
#y........#.# #.
###..# #y##.###.#..#
#. #..#
#@##.##.###.## ##≈
#..# #y##.#.##
##.###≈≈ #..#
#.##.##)###.###.≈≈
#..#
#.##.##..#.####...
#..#
#............##.≈≈
#..#
#######.####....≈≈
#..# #.# ####..≈ #..#
#.# #... #..# #.#
#.##


You could see 3 killer bees.

Vanquished Creatures
  A two-headed ogre (D:8)
  Pikel (D:7)
  Grinder (D:5)
  A shadow (D:8)
  Sigmund (D:6)
  3 steam dragons
  An acid dragon (D:9)
  A black bear (D:5)
  A sky beast (D:6)
  3 orc warriors
  2 ogres
  2 centaurs
  4 lemures
  Blork the orc (D:6)
  3 bullfrogs
  A water moccasin zombie (D:6)
  3 howler monkeys (D:9)
  A bullfrog zombie (D:6)
  3 centaur zombies
  6 hounds
  5 orc priests
  2 bullfrog skeletons
  A gnoll shaman (D:7)
  4 orc wizards
  Natasha (thrice) (D:3)
  4 iguanas
  A hound skeleton (D:3)
  A howler monkey zombie (D:9)
  6 gnolls
  10 adders
  2 white imps (D:5)
  2 ufetubi
  An adder skeleton (D:4)
  3 worms (D:3)
  2 dart slugs
  21 orcs
  9 bats
  4 endoplasms
  3 giant cockroaches
  12 goblins
  7 hobgoblins
  11 jackals
  A quokka (D:2)
  11 ball pythons
  4 frilled lizards
  4 kobolds
  2 kobold zombies (D:4)
  5 rats
181 creatures vanquished.

Vanquished Creatures (collateral kills)
  Maggie (D:7)
  A centaur (D:7)
2 creatures vanquished.

Vanquished Creatures (others)
  2 howler monkeys (D:9)
  7 orcs (D:6)
9 creatures vanquished.

Grand Total: 192 creatures vanquished

Notes
Turn   | Place    | Note
-------+----------+-------------------------------------------
     0 | D:1      | Gabide the Human Monk began the quest for the Orb.
     0 | D:1      | Reached XP level 1. HP: 18/18 MP: 1/1
    70 | D:1      | Reached XP level 2. HP: 16/24 MP: 2/2
   464 | D:1      | Reached skill level 1 in Armour
   464 | D:1      | Reached XP level 3. HP: 10/29 MP: 3/3
   965 | D:1      | Found a faded altar of an unknown god.
  1302 | D:2      | Reached skill level 4 in Polearms
  1302 | D:2      | Reached XP level 4. HP: 7/35 MP: 4/4
  1612 | D:2      | Found Mapecet's Book Shoppe.
  1624 | D:2      | Found Xufafu's Jewellery Shoppe.
  1835 | D:2      | Found Baugu's Armour Emporium.
  1848 | D:2      | Bought a +0 helmet for 45 gold pieces
  2289 | D:3      | Found a broken altar of Ashenzari.
  2379 | D:3      | Reached XP level 5. HP: 33/41 MP: 5/5
  2507 | D:3      | Noticed Natasha
  2519 | D:3      | Killed Natasha
  2675 | D:3      | Reached skill level 5 in Polearms
  2930 | D:3      | Reached XP level 6. HP: 47/47 MP: 6/6
  3038 | D:3      | Noticed Natasha
  3051 | D:3      | Killed Natasha
  3643 | D:3      | Noticed Natasha
  3654 | D:3      | Killed Natasha
  3706 | D:4      | Reached skill level 6 in Polearms
  3984 | D:4      | Reached XP level 7. HP: 52/52 MP: 7/7
  4016 | D:4      | Found a runed translucent door.
  4016 | D:4      | Noticed a human
  4018 | D:4      | Found a basalt altar of Yredelemnul.
  4103 | D:4      | Reached skill level 7 in Polearms
  4296 | D:4      | Found a staircase to the Ecumenical Temple.
  4308 | Temple   | Entered the Ecumenical Temple
  4479 | Temple   | Became a worshipper of Sif Muna the Loreminder
  4479 | Temple   | Reached * piety under Sif Muna
  4479 | Temple   | Reached ** piety under Sif Muna
  5207 | D:5      | Entered Level 5 of the Dungeon
  5223 | D:5      | Noticed Grinder
  5641 | D:5      | Killed Grinder
  5642 | D:5      | Reached skill level 8 in Polearms
  5642 | D:5      | Reached XP level 8. HP: 42/58 MP: 8/8
  5922 | D:5      | Reached skill level 9 in Polearms
  6300 | D:5      | Found a runed translucent door.
  6309 | D:5      | Noticed Flure's ghost (novice KoBr)
  6852 | D:5      | Reached skill level 10 in Polearms
  7231 | D:6      | Found an ornate altar of the Wu Jian Council.
  7257 | D:6      | Noticed Blork the orc
  7271 | D:6      | Killed Blork the orc
  7272 | D:6      | Reached XP level 9. HP: 55/63 MP: 9/9
  7449 | D:6      | Found a shadowy altar of Dithmenos.
  7450 | D:6      | Found a hazy altar of Hepliaklqana.
  8124 | D:6      | Reached skill level 11 in Polearms
  8314 | D:6      | Noticed Sigmund
  8322 | D:6      | Killed Sigmund
  8536 | D:7      | Noticed Maggie
  8554 | D:7      | Killed Maggie
  8555 | D:7      | Reached skill level 12 in Polearms
  8555 | D:7      | Identified the ring of Dogma {rF+ Dex+4 SInv}
  8849 | D:7      | Noticed Pikel
 10800 | D:7      | Reached XP level 10. HP: 67/70 MP: 10/10
 10860 | D:7      | Killed Pikel
 10861 | D:7      | Reached skill level 13 in Polearms
 11040 | D:7      | Found a sacrificial altar of Ru.
 11043 | D:7      | Found a stormy altar of Qazlal.
 11571 | D:8      | Found Alatrosi's Self-Improvement Boutique.
 11600 | D:8      | Found Plog's Antique Weapon Shoppe.
 11656 | D:8      | Noticed a two-headed ogre
 11691 | D:8      | Killed a two-headed ogre
 11692 | D:8      | Reached skill level 14 in Polearms
 12053 | D:8      | Identified the +3 flail of the Jumping Asp {venom, *Corrode
                  | rPois Dex+8 SInv}
 12725 | D:9      | Found an opulent altar of Gozag.
 12740 | D:9      | Reached *** piety under Sif Muna
 12769 | D:8      | HP: 1/70 [killer bee (6)]
 12769 | D:8      | Slain by a killer bee

Illustrated notes

Levels and vault maps discovered:
D:1:      eino_arrival_druids_welcome, layout_basic,
          shapermc_ecumenical_altar_pompeii
D:2:      layout_loops_ring, serial_shops, shop, nicolae_lakefront_shop, shop
D:3:      layout_rooms, cheibrodos_ashenzari_chains, uniq_natasha
D:4:      layout_loops_ring, dk_yredelemnul_ordeal, minmay_temple_entry_junction
D:5:      layout_rooms, ebering_ghost_sewer_d, ebering_dispersal_statue_hall,
          uniq_grinder
D:6:      layout_loops_ring, riverfiend_overflow_shadow_ancestor,
          mainiacjoe_overflow_chevrons, hangedman_decor_peaks_small,
          uniq_sigmund, uniq_blork_the_orc
D:7:      layout_rooms, nicolae_overflow_squiral, minmay_curled_crystal,
          uniq_pikel, uniq_maggie
D:8:      layout_loops_ring, serial_shops, shop_statue,
          small_chamber_with_monster, minmay_misc_feat_square,
          nicolae_shop_self_help
D:9:      layout_basic, nicolae_gozag_seed_capital, zin_angel, bloody_trog,
          minmay_misc_feat_doors, uniq_joseph
Temple:   minmay_temple_forest_path

Skill      XL: |  1  2  3  4  5  6  7  8  9 10 |
---------------+-------------------------------+-----
Armour         | 1 2 3 |  3.0
Polearms       | 4 5 6 8 10 12 14 | 14.8
Fighting       | |  3.0
Dodging        | |  3.0
Stealth        | |  2.0

Action                   |  1- 3 |  4- 6 |  7- 9 | 10-12 || total
-------------------------+-------+-------+-------+-------++-------
Melee: Spear             |   112 |   164 |       |       ||   276
       Punch             |     3 |     1 |     4 |     2 ||    10
       Trident           |       |    19 |   307 |    48 ||   374
       Halberd           |       |       |       |    71 ||    71
Evoke: Wand              |       |       |       |     2 ||     2
  Use: Potion            |       |     1 |     7 |     1 ||     9
       Scroll            |       |     1 |    13 |     6 ||    20
 Stab: Sleeping          |     2 |     3 |       |     2 ||     7
       Distracted        |       |     1 |       |       ||     1
Armor: Robe              |     3 |       |       |       ||     3
       Ring mail         |     9 |    31 |    45 |       ||    85
       Steam dragon scal |       |       |    41 |    13 ||    54
       Acid dragon scale |       |       |       |    18 ||    18
Dodge: Dodged            |    46 |    46 |   168 |    50 ||   310
